 Dungeon Crawl Stone Soup version 0.25-a0-302-g9f758675c1 (webtiles) character file.

Game seed: 12900502516687860355, levelgen mode: deterministic

6643 Gremour the Fighter (level 11, -4/76 HPs)
             Began as a Gargoyle Monk on Dec 20, 2019.
             Was the Champion of the Shining One.
             Slain by a large abomination (16 damage)
             ... on level 9 of the Dungeon.
             The game lasted 00:51:59 (9860 turns).

Gremour the Fighter (Gargoyle Monk)                 Turns: 9860, Time: 00:51:59

Health: -4/76      AC: 16    Str: 14    XL:     11   Next: 2%
Magic:  11/11      EV: 17    Int: 12    God:    the Shining One [******]
Gold:   658        SH:  0    Dex: 22    Spells: 10/10 levels left

rFire    + . .     SeeInvis .   a - +0 glaive
rCold    . . .     Gourm    .   (shield currently unavailable)
rNeg     + + +     Faith    .   s - +0 ring mail
rPois    ∞         Spirit   .   (no helmet)
rElec    +         Reflect  .   x - +1 cloak
rCorr    .         Harm     .   (no gloves)
MR       .....     Clarity  +   (no boots)
Stlth    +.........             D - amulet of regeneration
HPRegen  0.62/turn              d - ring of protection from fire
MPRegen  0.12/turn              (no ring)

@: agile, about to teleport, berserk cooldown, slowed, glowing, very slow
A: agile 1, clarity, negative energy resistance 1, electricity resistance,
unbreathing, petrification resistance, rot immunity, AC +8
a: Divine Shield, Cleansing Flame, Summon Divine Warrior, Brand Weapon With Holy
Wrath, Renounce Religion


You were on level 9 of the Dungeon.
You worshipped the Shining One.
The Shining One was exalted by your worship.
You were not hungry.

You visited 2 branches of the dungeon, and saw 10 of its levels.
You also visited: Ossuary.

You collected 658 gold pieces.

Inventory:

Hand Weapons
 a - a +0 glaive (weapon)
 v - the +7 dagger of Xubolul {pierce, +Blink rC- Dex+2}
   (You found it on level 7 of the Dungeon)

   It inflicts extra damage upon your enemies.
   It affects your dexterity (+2).
   It makes you vulnerable to cold.
   It lets you blink.
Armour
 s - a +0 ring mail (worn)
 x - a +1 cloak (worn)
Magical Staves
 C - an uncursed staff of conjuration
Jewellery
 d - a ring of protection from fire (left hand)
 l - an uncursed ring of wizardry
 q - an uncursed amulet of harm
 A - an uncursed ring of teleportation
 D - an amulet of regeneration (around neck)
Wands
 m - a wand of polymorph (10)
 t - a wand of paralysis (2)
 y - a wand of flame (28)
Scrolls
 f - 5 scrolls of remove curse
 g - 6 scrolls of identify
 j - 2 scrolls of teleportation
 z - a scroll of magic mapping
 F - a scroll of amnesia
Potions
 b - 2 potions of magic
 e - a potion of lignification
 h - a potion of agility
 k - 3 potions of brilliance
 n - a potion of resistance {unknown}
 o - 4 potions of flight
 p - 5 potions of curing
 r - a potion of might
 u - a potion of invisibility {unknown}
 w - a potion of ambrosia
 B - a potion of degeneration {unknown}
Comestibles
 c - 11 rations


   Skills:
 + Level 12.0 Fighting
 * Level 10.2 Polearms
 + Level 6.3 Armour
 - Level 2.6 Dodging
 - Level 2.3 Stealth


You had 10 spell levels left.
You didn't know any spells.
Your spell library was empty.

Dungeon Overview and Level Annotations

Branches:
Dungeon (9/15)             Temple (1/1) D:4         Ossuary (visited)
   Lair: D:8-11         Orc: D:9-12

Altars:
Ashenzari
Cheibriados
Dithmenos
Elyvilon
Fedhas
Gozag
Hepliaklqana
Kikubaaqudgha
Makhleb
Nemelex Xobeh
Okawaru
Qazlal
Ru
Sif Muna
Trog
Uskayaw
Vehumet
Wu Jian
Xom
Yredelemnul
Zin
The Shining One


Innate Abilities, Weirdness & Mutations

You are resistant to torment.
Your stone body is resilient. (AC +8)
You are immune to poison.
You resist negative energy. (rN+)
You are resistant to electric shocks. (rElec)
You can survive without breathing.
You are immune to petrification.
You are immune to rotting.
You are agile. (Dex +2)
You possess an exceptional clarity of mind.


Message History

The small abomination barely misses you.
You hit the small abomination.
The small abomination is severely damaged.
The small abomination hits you!
* * * LOW HITPOINT WARNING * * *
The small abomination barely misses you.
The small abomination hits you!
* * * LOW HITPOINT WARNING * * *
You feel much better.
The small abomination hits you but does no damage.
The small abomination closely misses you.
You slash the small abomination!
You destroy the small abomination!
The Shining One accepts your kill. The large abomination hits you!!
* * * LOW HITPOINT WARNING * * *
Okay, then.
As you read the scroll of teleportation, it crumbles to dust.
You feel strangely unstable. The large abomination hits you!
You die...

###.................#
#.......#####.......#
#.......# #.......#
#######.......# #.......#
.........###'######......##
.........#........#......#
.........#....)...#......##
.........#........######..#
....###'##......@.# #..#
....#....#######X## #..#
....#....#


Xxx #..#### ....#....# .Xx.######.....# ....###### #....#..........#
.........##########..........# .#######.....................#
.#.....#####''###............# .#..............#.....######## You could see 3
large abominations and 3 small abominations.

Vanquished Creatures
  A wizard (D:9)
  3 hippogriffs
  2 large abominations (D:9)
  A human (D:8)
  3 hungry ghosts
  A water moccasin (D:7)
  An orc warrior (D:8)
  A sky beast (D:7)
  A phantom (D:7)
  An eye of draining (D:8)
  2 ice beasts
  A necrophage (D:8)
  4 ogres
  5 centaurs
  3 big kobolds
  An elf zombie (Ossuary)
  4 bullfrogs
  A wyvern skeleton (D:7)
  4 small abominations (D:9)
  3 scorpions
  4 wights
  A howler monkey (D:4)
  3 centaur zombies
  6 crimson imps
  A human zombie (Ossuary)
  6 hounds
  5 orc priests
  A centaur skeleton (D:6)
  5 orc wizards
  Natasha (thrice) (D:4)
  2 iguanas
  7 worker ants
  4 big kobold zombies (Ossuary)
  A killer bee zombie (D:8)
  A hound zombie (D:8)
  2 hound skeletons (D:5)
  2 mummies (Ossuary)
  4 worker ant zombies
  8 adders
  6 gnolls
  2 howler monkey skeletons
  2 river rats (D:5)
  2 shadow imps
  3 oozes
  An adder skeleton (D:8)
  An adder zombie (D:7)
  3 worms
  5 leopard geckos
  20 orcs
  8 bats
  4 giant cockroaches
  9 goblins
  12 hobgoblins
  8 jackals
  22 kobolds
  2 quokkas
  3 ball pythons
  4 frilled lizards
  A giant cockroach zombie (D:6)
  2 goblin zombies (Ossuary)
  11 hobgoblin zombies (Ossuary)
  A jackal zombie (Ossuary)
  7 kobold zombies (Ossuary)
  7 orc zombies (Ossuary)
  6 rats
261 creatures vanquished.

Notes
Turn   | Place    | Note
-------+----------+-------------------------------------------
     0 | D:1      | Gremour the Gargoyle Monk began the quest for the Orb.
     0 | D:1      | Reached XP level 1. HP: 14/14 MP: 1/1
    56 | D:1      | Reached XP level 2. HP: 15/19 MP: 2/2
   555 | D:1      | Reached XP level 3. HP: 20/24 MP: 3/3
   801 | D:1      | Reached skill level 4 in Fighting
   931 | D:2      | Found a snail-covered altar of Cheibriados.
  1735 | D:2      | Reached XP level 4. HP: 30/30 MP: 4/4
  1860 | D:2      | Reached skill level 5 in Fighting
  1967 | D:2      | Found a glowing golden altar of the Shining One.
  2068 | D:2      | Became a worshipper of the Shining One
  2068 | D:2      | Reached * piety under the Shining One
  2068 | D:2      | Reached ** piety under the Shining One
  2126 | D:2      | Found a faded altar of an unknown god.
  2415 | D:2      | Reached XP level 5. HP: 25/36 MP: 5/5
  2531 | D:3      | Reached skill level 6 in Fighting
  2772 | D:3      | Reached XP level 6. HP: 29/42 MP: 6/6
  2782 | D:3      | Reached skill level 7 in Fighting
  3198 | D:3      | Found a radiant altar of Vehumet.
  3351 | D:4      | You fall into a shaft and drop 3 floors!
  3383 | D:7      | Noticed a hippogriff
  3399 | D:7      | Gained mutation: Your mind is acute. (Int +2) [potion of
                  | mutation]
  3399 | D:7      | Gained mutation: You can translocate small distances at
                  | will. [potion of mutation]
  3409 | D:7      | Killed a hippogriff
  3409 | D:7      | Reached skill level 8 in Fighting
  3409 | D:7      | Reached XP level 7. HP: 21/49 MP: 7/7
  3883 | D:6      | Reached skill level 9 in Fighting
  4314 | D:6      | Reached skill level 1 in Armour
  4623 | D:5      | Entered Level 5 of the Dungeon
  4630 | D:5      | Reached XP level 8. HP: 48/57 MP: 8/8
  4640 | D:5      | Reached skill level 10 in Fighting
  4686 | D:5      | Found a sand-covered staircase.
  4778 | Ossuary  | Entered an ossuary
  4784 | Ossuary  | Reached *** piety under the Shining One
  4879 | Ossuary  | Reached **** piety under the Shining One
  5010 | Ossuary  | Reached ***** piety under the Shining One
  5259 | D:5      | Found a shadowy altar of Dithmenos.
  5453 | D:5      | Found a white marble altar of Elyvilon.
  5494 | D:5      | Lost mutation: Your mind is acute. (Int +2) [potion of
                  | mutation]
  5494 | D:5      | Lost mutation: You can translocate small distances at will.
                  | [potion of mutation]
  5494 | D:5      | Gained mutation: You have large cloven feet. [potion of
                  | mutation]
  5494 | D:5      | Gained mutation: Your spells are a little harder to cast,
                  | but a little more powerful. [potion of mutation]
  5577 | D:5      | Reached skill level 11 in Fighting
  6168 | D:4      | Noticed Natasha
  6176 | D:4      | Killed Natasha
  6212 | D:4      | Reached XP level 9. HP: 49/64 MP: 9/9
  6213 | D:4      | Noticed Natasha
  6222 | D:4      | Killed Natasha
  6437 | D:4      | Found a blossoming altar of Fedhas.
  6466 | D:4      | Found a staircase to the Ecumenical Temple.
  6490 | Temple   | Entered the Ecumenical Temple
  6573 | D:4      | Noticed Natasha
  6592 | D:4      | Killed Natasha
  6815 | D:7      | Reached skill level 5 in Polearms
  7243 | D:7      | Reached skill level 5 in Armour
  7263 | D:7      | Lost mutation: Your spells are a little harder to cast, but
                  | a little more powerful. [potion of mutation]
  7263 | D:7      | Lost mutation: You have large cloven feet. [potion of
                  | mutation]
  7263 | D:7      | Gained mutation: You are agile. (Dex +2) [potion of
                  | mutation]
  7263 | D:7      | Gained mutation: You possess an exceptional clarity of
                  | mind. [potion of mutation]
  7737 | D:7      | Reached XP level 10. HP: 67/70 MP: 10/10
  7843 | D:7      | Got a jewelled dagger
  7844 | D:7      | Identified the +7 dagger of Xubolul {pierce, +Blink rC-
                  | Dex+2} (You found it on level 7 of the Dungeon)
  7869 | D:7      | Reached ****** piety under the Shining One
  9126 | D:8      | Found an ancient bone altar of Kikubaaqudgha.
  9129 | D:8      | Found a glowing silver altar of Zin.
  9133 | D:8      | Found a shattered altar of Ashenzari.
  9820 | D:9      | Noticed a wizard
  9827 | D:9      | Killed a wizard
  9831 | D:9      | Noticed a large abomination
  9831 | D:9      | Noticed a large abomination
  9848 | D:9      | Killed a large abomination
  9848 | D:9      | Reached skill level 12 in Fighting
  9848 | D:9      | Reached skill level 10 in Polearms
  9851 | D:9      | Reached XP level 11. HP: 74/76 MP: 11/11
  9860 | D:9      | Slain by a large abomination

Levels and vault maps discovered:
D:1:      zelgadis_glass_arrival_small, layout_basic, minmay_strange_pillars
D:2:      kb_forest_paths, layout_rooms, tso_altar, cheibriados_altar_1,
          chequers_ecumenical_altar_twisty, minmay_fountain_box,
          minmay_octomino_c4
D:3:      layout_rooms, marbit_many_paths, first_ration
D:4:      layout_cave_pools, fedhas_bush_and_centaur_altar,
          minmay_temple_entry_statues_pillars, st_stairs_6, uniq_natasha
D:5:      layout_loops_cross, elyvilon_altar_3, portal_sewer_entry_b,
          enter_ossuary_5, minmay_misc_feat_doors, roderic_serpentine_path,
          minmay_strange_pillars, grunt_dithmenos_smoke_and_mirrors
D:6:      layout_basic
D:7:      minmay_razor_zed, layout_basic, minmay_joined_circles
D:8:      layout_loops_cross, grunt_temple_overflow_diamond, grunt_pizzeria,
          fountainhead
D:9:      layout_irregular_city, laboratory
Temple:   nicolae_temple_great_sept

Skill      XL: |  1  2  3  4  5  6  7  8  9 10 |
---------------+-------------------------------+-----
Fighting       | 4 5 6 8 9 11 12 | 12.0
Armour         | 1 4 5 6 |  6.3
Polearms       | 3 7 10 | 10.2
Dodging        | |  2.6
Stealth        | |  2.3

Action                   |  1- 3 |  4- 6 |  7- 9 | 10-12 || total
-------------------------+-------+-------+-------+-------++-------
Melee: Spear             |   190 |   136 |   885 |       ||  1211
       Hand axe          |       |    77 |       |       ||    77
       Kick              |       |       |    89 |       ||    89
       Glaive            |       |       |    16 |   178 ||   194
       Dagger            |       |       |       |     6 ||     6
 Abil: Blink             |       |     1 |       |       ||     1
  Use: Scroll            |       |     4 |     7 |     6 ||    17
       Potion            |       |     4 |     9 |     3 ||    16
 Stab: Sleeping          |     3 |       |       |       ||     3
  Eat: Chunk             |     3 |     5 |     6 |     9 ||    23
       Ration            |       |       |     5 |     3 ||     8
Armor: Robe              |    45 |     7 |       |       ||    52
       Scale mail        |       |    80 |       |       ||    80
       Skin              |       |    13 |    84 |       ||    97
       Ring mail         |       |     7 |   371 |    85 ||   463
Dodge: Dodged            |    99 |   125 |   480 |   108 ||   812

Table legend:
 A = Non-vault XP
 B = Vault XP
 C = Vault XP percentage of total XP
 D = Non-vault monster count
 E = Vault monster count
 F = Vault count percentage of total count
                 A         B        C        D         E       F
            +---------+---------+-------+---------+---------+-------
      Total |    4932 |    4558 |  48.0 |     171 |      90 |  34.5
            +---------+---------+-------+---------+---------+-------
        D:1 |      38 |       0 |   0.0 |      22 |       0 |   0.0
        D:2 |      73 |      88 |  54.7 |      20 |      12 |  37.5
        D:3 |     215 |       2 |   0.9 |      29 |       1 |   3.3
        D:4 |     517 |     147 |  22.1 |      11 |       2 |  15.4
        D:5 |     666 |      58 |   8.0 |      23 |       6 |  20.7
        D:6 |     511 |       0 |   0.0 |      20 |       0 |   0.0
        D:7 |     866 |    1456 |  62.7 |      10 |      23 |  69.7
        D:8 |    1654 |     207 |  11.1 |      31 |       1 |   3.1
        D:9 |     392 |    2194 |  84.8 |       5 |       7 |  58.3
    Ossuary |       0 |     406 | 100.0 |       0 |      38 | 100.0
            +---------+---------+-------+---------+---------+-------
